 Dungeon Crawl Stone Soup version 0.19-a0-1626-g5215c36 (webtiles) character file.

42 4thArraOfDagon the Bolt Thrower (level 3, -1/27 HPs)
             Began as a Demigod Arcane Marksman on Sept 18, 2016.
             Slain by an adder (2 damage)
             ... on level 5 of the Dungeon.
             The game lasted 00:02:11 (388 turns).

4thArraOfDagon the Bolt Thrower (DgAM)               Turns: 388, Time: 00:02:12

Health: -1/27      AC:  2    Str: 14    XL:     3   Next: 17%
Magic:  6/6        EV: 12    Int: 19    God:
Gold:   27         SH:  0    Dex: 15    Spells: 1 memorised, 3 levels left

rFire  . . .     SeeInvis .     a - +0 hand crossbow
rCold  . . .     Gourm    .     e - +0 robe
rNeg   . . .     Faith    .     (no shield)
rPois  .         Spirit   .     (no helmet)
rElec  .         Dismiss  .     (no cloak)
rCorr  .         Reflect  .     (no gloves)
MR     .....     Harm     .     (no boots)
Stlth  +.........               (no amulet)
                                (no ring)
                                (no ring)

@: no status effects
A: high mp 1
a: no special abilities


You were on level 5 of the Dungeon.
You were not hungry.

You visited 1 branch of the dungeon, and saw 5 of its levels.
You also visited: Sewer.

You collected 27 gold pieces.

Inventory:

Hand Weapons
 a - a +0 hand crossbow (weapon)
 h - a +0 blowgun
Missiles
 d - 5 bolts (quivered)
 i - 23 poisoned needles
Armour
 e - a +0 robe (worn)
Potions
 g - a potion of brilliance
Books
 c - a book of Debilitation

   Spells                             Type                      Level
   a - Corona                         Hexes                        1
   b - Slow                           Hexes                        2
   c - Gell's Gravitas                Hexes/Translocation          3
   d - Inner Flame                    Hexes/Fire                   3
   e - Cause Fear                     Hexes                        4
   f - Leda's Liquefaction            Hexes/Earth                  4
Comestibles
 f - a bread ration


   Skills:
 - Level 0.8 Fighting
 * Level 3.4 Crossbows
 - Level 1.7 Dodging
 - Level 1.0 Spellcasting
 - Level 2.6 Hexes


You had 3 spell levels left.
You knew the following spells:

 Your Spells              Type           Power        Failure   Level  Hunger
a - Corona                Hex            ##.....      10%         1    ##.....


Dungeon Overview and Level Annotations

Branches:
Dungeon (5/15)
 Temple: D:4-7

Annotations:
D:2 Ijyb


Innate Abilities, Weirdness & Mutations

You have an increased reservoir of magic. (+10% MP)


Message History

Wield which item (- for none, * to show all)? (? for menu, Esc to quit)
a - a +0 hand crossbow (weapon)
The adder hisses angrily.
You are too injured to fight recklessly!
You are too injured to fight recklessly!
Firing (i - inventory):
d - 8 bolts (quivered)
Press: ? - help, Shift-Dir - straight line, f - adder
Aim: an adder You shoot a bolt.
The bolt hits the adder.
The adder is lightly wounded.
Firing (i - inventory):
d - 7 bolts (quivered)
Press: ? - help, Shift-Dir - straight line, f/p - adder
Aim: an adder (lightly wounded)
You shoot a bolt. The bolt barely misses the adder.
The adder bites you.
* * * LOW HITPOINT WARNING * * *
Firing (i - inventory):
d - 6 bolts (quivered)
Press: ? - help, Shift-Dir - straight line, f/p - adder
Aim: an adder (lightly wounded)
You shoot a bolt. The bolt closely misses the adder.
The adder bites you.
You die...

### #.. #.# ##
#.# . #.#.#
##########.#.####
.......@S..(..(.#
##########.#.##.#
#.# ###.#
##.#.#.##.#
##...........
##..#..#.#####
##..###...#
.####.(## ##.....


You could see an adder.

Vanquished Creatures
  A river rat (Sewer)
  A shadow imp (D:5)
  A worm (D:2)
  3 leopard geckos
  2 giant cockroaches (D:3)
  A goblin (D:1)
  A bat (D:2)
  2 frilled lizards (D:1)
  5 kobolds
  5 rats
22 creatures vanquished.

Notes
Turn   | Place    | Note
-------+----------+-------------------------------------------
     0 | D:1      | 4thArraOfDagon the Demigod Arcane Marksman began the quest for the Orb.
     0 | D:1      | Reached XP level 1. HP: 15/15 MP: 4/4
    51 | D:1      | Reached skill level 2 in Crossbows
    80 | D:2      | Noticed Ijyb
    86 | D:3      | Reached XP level 2. HP: 6/22 MP: 5/5
   101 | D:3      | Found a hazy altar of Hepliaklqana.
   131 | D:3      | Found a glowing drain.
   172 | Sewer    | Entered a sewer
   192 | Sewer    | Reached skill level 3 in Crossbows
   227 | Sewer    | Reached XP level 3. HP: 16/27 MP: 6/6
   358 | D:5      | Entered Level 5 of the Dungeon
   387 | D:5      | HP: 1/27 [adder (3)]
   388 | D:5      | Slain by an adder

Vault maps used:
D:1:      dpeg_arrival_renting, minmay_vboxes
D:2:      nicolae_overflow_crystal_walls, first_bread, uniq_natasha, uniq_iyjb,
          uniq_robin
D:3:      kennysheep_vampire_church, old_standard_altar, minitemple,
          portal_sewer_entry_f, uniq_sigmund
D:4:      lemuel_doored_altar, serial_undead, serial_undead_b, serial_undead_b,
          serial_undead_f, serial_undead_d, serial_undead_c, serial_undead_f,
          serial_undead_a, serial_undead_b, minmay_misc_feat_plants
D:5:      uniq_crazy_yiuf_cottage, uniq_blork_the_orc
Sewer:    sewer_minmay_treatment

Skill      XL: |  1  2 |
---------------+-------+-----
Crossbows      | 2 3 |  3.4
Fighting       | |  0.8
Dodging        | |  1.7
Spellcasting   | |  1.0
Hexes          | |  2.6

Action                   || total
-------------------------++-------
 Fire: Hand crossbow     ||    53
  Use: Scroll            ||     1
Armor: Robe              ||     9
Dodge: Dodged            ||    24
